 Dungeon Crawl Stone Soup version 0.28.0-47-ge53b351184 (webtiles) character file.

Game seed: 14608273851849040603

197 pkoi the Insei (level 5, 0/44 HPs)
             Began as a Demigod Gladiator on May 10, 2022.
             Splashed by a jelly's acid (3 damage)
             ... on level 4 of the Dungeon.
             The game lasted 00:03:49 (5810 turns).

pkoi the Insei (Demigod Gladiator)                  Turns: 5810, Time: 00:03:50

Health: 0/44       AC: -1    Str: 15    XL:     5   Next: 22%
Magic:  9/9        EV:  9    Int: 14    God:
Gold:   120        SH:  0    Dex: 15    Spells: 4/6 levels left

rFire   . . .      SeeInvis .     - Unarmed
rCold   . . .      Faith    .   (no shield)
rNeg    . . .      Spirit   .   a - +0 leather armour
rPois   .          Reflect  .   b - +0 helmet
rElec   .          Harm     .   i - +0 cloak
rCorr   .          Rampage  .   g - +0 pair of gloves
Will    .....                   (no boots)
Stlth   +.........              (no amulet)
HPRegen 0.14/turn               (no ring)
MPRegen 0.11/turn               (no ring)

@: corroded, constricted
A: high MP 1, forlorn, divine attributes
a: no special abilities


You were on level 4 of the Dungeon.
You visited 1 branch of the dungeon, and saw 4 of its levels.

You collected 120 gold pieces.

Inventory:

Hand Weapons
 f - a +0 short sword
 j - a +0 short sword of speed
Missiles
 c - 3 throwing nets (quivered)
 h - 3 poisoned darts
Armour
 a - a +0 leather armour (worn)
 b - a +0 helmet (worn)
 g - a +0 pair of gloves (worn)
 i - a +0 cloak (worn)
Wands
 o - a wand of acid (3)
Scrolls
 d - a scroll of fear
 k - 2 scrolls of blinking
 l - a scroll of identify
Potions
 e - a potion of heal wounds
 m - a potion of curing
 n - a potion of haste


   Skills:
 + Level 2.8 Fighting
 - Level 1.7 Throwing
 + Level 1.3 Armour
 - Level 2.6 Dodging
 * Level 4.1 Unarmed Combat
 + Level 1.3 Spellcasting
 + Level 0.9 Conjurations
 + Level 1.0 Air Magic


You had 4 spell levels left.
You knew the following spells:

 Your Spells              Type           Power      Damage    Failure   Level
a - Static Discharge      Conj/Air       3%         N/A       32%         2

Your spell library contained the following spells:

 Spells                   Type           Power      Damage    Failure   Level
 Shock                    Conj/Air       12%        1d3       22%         1
 Sticky Flame             Conj/Fire      2%         2d3       95%         4
 Dispel Undead            Necr           0%         3d6       97%         4


Dungeon Overview and Level Annotations

Branches:
Dungeon (4/15)
 Temple: D:4-7

Shops:
D:3 (


Innate Abilities, Weirdness & Mutations

You have an increased reservoir of magic. (+10% MP)
You shall have no god before yourself.
Your divine heritage dramatically boosts your attributes as you level up.


Message History

The quokka barely misses you.
You punch the quokka!
You kill the quokka!
The ball python misses you. The ball python barely misses you.
The ball python bites you but does no damage.
The ball python grabs you. The ball python constricts you.
Your Air Magic skill increases to level 1!
You hit the ball python.
The ball python is heavily wounded.
The ball python barely misses you. The ball python constricts you.
You closely miss the ball python.
The ball python is heavily wounded.
The ball python bites you but does no damage.
The ball python constricts you.
You closely miss the ball python.
The ball python is heavily wounded.
The ball python bites you but does no damage.
The ball python constricts you. The jelly hits you.
* * * LOW HITPOINT WARNING * * *
The acid corrodes you!
You are splashed with acid!
* * * LOW HITPOINT WARNING * * *
You punch the jelly!
Your hands burn!
* * * LOW HITPOINT WARNING * * *
The jelly is heavily wounded.
The ball python bites you.
* * * LOW HITPOINT WARNING * * *
The ball python constricts you.
You hit the jelly but do no damage. The acid corrodes you!
Your hands burn!
* * * LOW HITPOINT WARNING * * *
The jelly is heavily wounded.
The jelly hits you.
* * * LOW HITPOINT WARNING * * *
The acid corrodes you!
You are splashed with acid!
* * * LOW HITPOINT WARNING * * *
The ball python bites you.
* * * LOW HITPOINT WARNING * * *
The ball python constricts you.
* * * LOW HITPOINT WARNING * * *
You hit the jelly but do no damage.
Your hands burn!
You die...

#.......#
###.......#
...........#
##.........### .
...##....)...# ..
..##
#......#.#####.#.
.#
#.?..............
............S......
..#.......J@.....#
...#####........##
##. #.######.# #
.... # #..### #.#
... ..


You could see a jelly and a ball python.

Vanquished Creatures
  A centaur skeleton (D:4)
  Terence (D:3)
  5 adders
  4 gnolls
  A worm (D:2)
  2 dart slugs
  3 ball pythons (D:2)
  4 endoplasms
  A giant cockroach (D:2)
  7 goblins
  8 hobgoblins
  4 quokkas
  4 bats
  4 frilled lizards
  4 kobolds
  8 rats
61 creatures vanquished.

Vanquished Creatures (collateral kills)
  A kobold (D:3)
1 creature vanquished.

Vanquished Creatures (others)
  2 plants (D:2)
2 creatures vanquished.

Grand Total: 64 creatures vanquished

Notes
Turn   | Place    | Note
-------+----------+-------------------------------------------
     0 | D:1      | pkoi the Demigod Gladiator began the quest for the Orb.
     0 | D:1      | Reached XP level 1. HP: 17/17 MP: 3/3
   155 | D:1      | Reached skill level 3 in Unarmed Combat
   328 | D:1      | Reached XP level 2. HP: 18/24 MP: 4/4
  1242 | D:2      | Reached XP level 3. HP: 11/29 MP: 5/5
  1961 | D:2      | Got Plato's Disquisition on Weightlessness
  2457 | D:2      | Learned a level 2 spell: Static Discharge
  3151 | D:3      | Reached skill level 1 in Spellcasting
  3151 | D:3      | Reached XP level 4. HP: 25/37 MP: 8/8
  3543 | D:3      | Reached skill level 1 in Armour
  4787 | D:3      | Reached skill level 4 in Unarmed Combat
  5097 | D:3      | Noticed Terence
  5130 | D:3      | Killed Terence
  5435 | D:3      | Found Rioxkuw's Weapon Boutique.
  5587 | D:4      | Reached XP level 5. HP: 42/42 MP: 9/9
  5805 | D:4      | Reached skill level 1 in Air Magic
  5810 | D:4      | Splashed by a jelly's acid

Illustrated notes

Levels and vault maps discovered:
D:1:      minmay_arrival_nine_rooms, layout_rooms, minmay_cupped
D:2:      layout_basic, shapermc_ecumenical_altar_rom_forum,
          hangedman_decor_points, kennysheep_generic_room_11
D:3:      layout_basic, serial_shops, shop, uniq_terence
D:4:      layout_rooms, temple_statues, serial_shops,
          nicolae_shop_bloodbath_and_beyond, kennysheep_generic_room_14

Skill      XL: |  1  2  3  4  5 |
---------------+----------------+-----
Unarmed Combat | 3 4 |  4.1
Fighting       | 2 |  2.8
Spellcasting   | 1 |  1.3
Armour         | 1 |  1.3
Air Magic      | 1 |  1.0
Throwing       | |  1.7
Dodging        | |  2.6
Conjurations   | |  0.9

Action                   |  1- 3 |  4- 6 || total
-------------------------+-------+-------++-------
Melee: Unarmed           |   187 |   124 ||   311
       Punch             |     6 |     2 ||     8
  Use: Scroll            |     3 |     5 ||     8
       Potion            |     1 |       ||     1
Armor: Leather armour    |    58 |    38 ||    96
Dodge: Dodged            |   141 |    68 ||   209
